[Event "2026 European Womens Championship"]
[Site "Batumi, GE"]
[Date "2026.06.02"]
[Round "8"]
[White "Manukyan, Tamara"]
[Black "Saraci, Rinesa"]
[Result "1-0"]
[Board "81"]
[TimeControl "5400+30"]
[WhiteFideId "13321307"]
[BlackFideId "4701976"]
[WhiteElo "1707"]
[BlackElo "1754"]
[BlackTitle "WCM"]
[WhiteClock "0:13:47"]
[BlackClock "0:14:21"]
[Variant "Standard"]

1. e4 e5 2. Nc3 Nc6 3. g3 Bc5 4. Bg2 d6 5. Na4 Nf6 6. Nxc5 dxc5 7. Ne2 O-O 8. O-O Bg4 9. h3 Be6 10. d3 Qd7 11. Kh2 Ne8 12. g4 f6 13. Ng3 g5 14. Nf5 Rd8 15. Rg1 c4 16. Bf1 cxd3 17. cxd3 Nb4 18. Rg3 Bc4 19. a3 Nxd3 20. Bxd3 Kh8 21. Bd2 Bxd3 22. Bb4 Rf7 23. Nh6 Rg7 24. Qb3 Bxe4 25. Bf8 Bd5 26. Bxg7+ Nxg7 27. Qe3 a6 28. Rd1 Qb5 29. Nf7+ Kg8 30. Nxd8 Qe8 31. Rxd5 1-0

[Event "2026 European Womens Championship"]
[Site "Batumi, GE"]
[Date "2026.06.03"]
[Round "9"]
[White "Roebers, Eline"]
[Black "Vega Gutierrez, Sabrina"]
[Result "1/2-1/2"]
[Board "1"]
[TimeControl "5400+30"]
[WhiteFideId "1058401"]
[BlackFideId "2219026"]
[WhiteElo "2389"]
[BlackElo "2375"]
[WhiteTitle "IM"]
[BlackTitle "IM"]
[WhiteClock "0:06:23"]
[BlackClock "0:04:36"]
[Variant "Standard"]

1. e4 c5 2. Nf3 g6 3. d4 cxd4 4. Nxd4 Nc6 5. c4 Bg7 6. Be3 Qb6 7. Nb3 Qd8 8. Qd2 Nf6 9. Nc3 d6 10. Be2 Ng4 11. Bg5 h6 12. Bh4 a5 13. f3 a4 14. Nc1 Nf6 15. Rb1 Be6 16. Nd5 Nd7 17. O-O O-O 18. Bf2 Qa5 19. Rd1 Qxd2 20. Rxd2 Rfc8 21. Bf1 f5 22. exf5 Bxf5 23. Nd3 g5 24. Rbd1 Kf8 25. c5 Ra5 26. h4 Be6 27. Nc3 dxc5 28. hxg5 hxg5 29. Ne4 c4 30. Ndc5 Nxc5 31. Nxc5 Bf7 32. Nd7+ Ke8 33. Nb6 Rd8 34. Rxd8+ Nxd8 35. Nxc4 Rd5 36. Rc1 Nc6 37. b3 axb3 38. axb3 Bd4 39. Bxd4 Nxd4 40. b4 Be6 41. Ne3 Re5 42. Kf2 Nc6 43. Nc4 Bxc4 44. Rxc4 Kd7 45. Bd3 b5 46. Rg4 Kd6 47. Kg3 e6 48. Kf2 Rd5 49. Be4 Ne5 50. Rg3 Rd2+ 51. Ke1 Rb2 52. Rxg5 Rxb4 53. Kf2 Rc4 54. Rg8 Nd7 55. Bd3 Rc5 56. Ke3 b4 57. Kd2 b3 58. Rg4 Rd5 59. Kc3 Rxd3+ 60. Kxd3 Ne5+ 61. Kc3 Nxg4 62. fxg4 Ke5 63. Kxb3 Kf4 64. Kc2 Kxg4 65. Kd3 Kf4 66. Kd4 e5+ 67. Kd3 e4+ 68. Kd4 e3 69. Kd3 Kg3 70. Kxe3 Kxg2 71. Ke4 1/2-1/2

[Event "2026 European Womens Championship"]
[Site "Batumi, GE"]
[Date "2026.06.03"]
[Round "9"]
[White "Fataliyeva, Ulviyya"]
[Black "Hnatyshyn, Anastasiia"]
[Result "0-1"]
[Board "2"]
[TimeControl "5400+30"]
[WhiteFideId "13403052"]
[BlackFideId "14198339"]
[WhiteElo "2450"]
[BlackElo "2207"]
[WhiteTitle "IM"]
[BlackTitle "WFM"]
[WhiteClock "0:31:25"]
[BlackClock "0:27:31"]
[Variant "Standard"]

1. e4 c5 2. Nc3 Nc6 3. Bb5 Nd4 4. Nf3 a6 5. Bd3 g6 6. Nxd4 cxd4 7. Ne2 Bg7 8. Bc4 b5 9. Bd5 Rb8 10. d3 Bb7 11. Bxb7 Rxb7 12. f4 d6 13. O-O Qb6 14. f5 Nf6 15. Nf4 Qc5 16. Bd2 O-O 17. b4 Qc8 18. g4 Nd7 19. Rf3 Ne5 20. Rh3 e6 21. Be1 d5 22. Bh4 dxe4 23. f6 Bh8 24. dxe4 Rc7 25. Nd3 Nc4 26. Bg5 e5 27. Qf3 Rc6 28. Rh6 Ne3 29. Bxe3 Rxf6 30. Qh3 dxe3 31. Rxh7 Bg7 32. g5 Rf4 33. Nxf4 exf4 34. Rxg7+ Kxg7 35. Qf3 Qc7 36. Rf1 Rd8 37. h4 Rd2 38. c3 Qd6 39. h5 Qe5 40. h6+ Kg8 41. Qg4 e2 42. Re1 Qxe4 43. Kh2 Qe3 44. Kg2 Rd1 0-1

[Event "2026 European Womens Championship"]
[Site "Batumi, GE"]
[Date "2026.06.03"]
[Round "9"]
[White "Narva, Mai"]
[Black "Kiolbasa, Oliwia"]
[Result "1-0"]
[Board "3"]
[TimeControl "5400+30"]
[WhiteFideId "4500512"]
[BlackFideId "1154613"]
[WhiteElo "2426"]
[BlackElo "2397"]
[WhiteTitle "IM"]
[BlackTitle "IM"]
[WhiteClock "0:00:47"]
[BlackClock "0:00:50"]
[Variant "Standard"]

1. e4 e5 2. Nf3 Nc6 3. Bc4 Nf6 4. d3 Be7 5. O-O O-O 6. Re1 d6 7. a4 Be6 8. Nc3 Nb4 9. Bxe6 fxe6 10. Ne2 c5 11. Ng3 Qd7 12. c3 Nc6 13. d4 exd4 14. cxd4 d5 15. Ne5 Qc7 16. exd5 Nxd4 17. dxe6 Rad8 18. Bd2 Nxe6 19. Qc2 Nd5 20. Qc4 Bf6 21. Ng4 Qf7 22. Nxf6+ Qxf6 23. Ne4 Qf5 24. a5 Kh8 25. Rad1 b6 26. f3 Nd4 27. Ng3 Qg6 28. Bc3 Nxc3 29. bxc3 Nc2 30. Rxd8 Rxd8 31. Re2 h6 32. Qa4 Rd1+ 33. Kf2 Rc1 34. Qf4 Ra1 35. Qf8+ Kh7 36. Re8 Qd3 37. Qg8+ Kg6 38. Re6+ 1-0

[Event "2026 European Womens Championship"]
[Site "Batumi, GE"]
[Date "2026.06.03"]
[Round "9"]
[White "Badelka, Olga"]
[Black "Ushenina, Anna"]
[Result "1-0"]
[Board "4"]
[TimeControl "5400+30"]
[WhiteFideId "13509926"]
[BlackFideId "14110911"]
[WhiteElo "2392"]
[BlackElo "2420"]
[WhiteTitle "IM"]
[BlackTitle "GM"]
[WhiteClock "0:10:09"]
[BlackClock "0:01:39"]
[Variant "Standard"]

1. d4 d5 2. Bf4 Nf6 3. e3 e6 4. Qf3 c5 5. Nc3 Qa5 6. g4 Ne4 7. Nge2 Bd7 8. O-O-O Bc6 9. Kb1 Nxc3+ 10. Nxc3 Nd7 11. Qg3 Rc8 12. e4 Nf6 13. Be5 Nxe4 14. Nxe4 dxe4 15. Bc4 cxd4 16. Bxd4 Ba4 17. Bb3 Bxb3 18. Qxb3 b5 19. Rhe1 Be7 20. Bxg7 Rg8 21. Be5 Rxg4 22. Qh3 Rg6 23. Qxh7 Rd8 24. a3 Bf6 25. Bxf6 Rxf6 26. Qxe4 Rxd1+ 27. Rxd1 Rxf2 28. Qc6+ Kf8 29. Qc5+ 1-0

[Event "2026 European Womens Championship"]
[Site "Batumi, GE"]
[Date "2026.06.03"]
[Round "9"]
[White "Arabidze, Meri"]
[Black "Kulon, Klaudia"]
[Result "0-1"]
[Board "5"]
[TimeControl "5400+30"]
[WhiteFideId "13604040"]
[BlackFideId "1131044"]
[WhiteElo "2409"]
[BlackElo "2377"]
[WhiteTitle "IM"]
[BlackTitle "IM"]
[WhiteClock "0:09:23"]
[BlackClock "0:14:38"]
[Variant "Standard"]

1. c4 c5 2. Nc3 Nf6 3. Nf3 d5 4. cxd5 Nxd5 5. g3 Nc6 6. Bg2 g6 7. h4 Nf6 8. d3 Bg7 9. Bd2 Bd7 10. Ng5 h6 11. Nge4 Nxe4 12. Nxe4 b6 13. Bc3 O-O 14. a3 e5 15. b4 cxb4 16. axb4 Qe7 17. Qb1 a5 18. bxa5 bxa5 19. O-O a4 20. Nd2 Rab8 21. Qd1 Nd4 22. Ra2 Rfc8 23. Nc4 Bb5 24. Bb2 Qe6 25. Bxd4 exd4 26. Bf3 g5 27. hxg5 hxg5 28. Re1 g4 29. Bg2 Bf8 30. e3 Bxc4 31. dxc4 Rxc4 32. exd4 Rxd4 33. Qa1 Qc4 34. Bf1 Qb4 35. Re5 Bg7 36. Rg5 Re8 37. Qc1 Re1 38. Qc8+ Qf8 39. Qxf8+ Kxf8 40. Re2 Rc1 41. Kg2 Bf6 42. Ra5 Rdd1 43. Rxa4 Bd4 44. Re4 f5 45. Raxd4 Rxf1 46. Rxg4 fxg4 47. Rxg4 Rg1+ 48. Kh2 Rh1+ 49. Kg2 Rcg1+ 50. Kf3 Rh7 51. Ra4 Rf7+ 52. Ke3 Re1+ 53. Kd2 Rf1 0-1

[Event "2026 European Womens Championship"]
[Site "Batumi, GE"]
[Date "2026.06.03"]
[Round "9"]
[White "Unuk, Laura"]
[Black "Salimova, Nurgyul"]
[Result "0-1"]
[Board "6"]
[TimeControl "5400+30"]
[WhiteFideId "14609215"]
[BlackFideId "2915138"]
[WhiteElo "2289"]
[BlackElo "2404"]
[WhiteTitle "IM"]
[BlackTitle "IM"]
[WhiteClock "0:02:07"]
[BlackClock "0:11:51"]
[Variant "Standard"]

1. d4 Nf6 2. Bf4 d6 3. e3 Nbd7 4. h3 c5 5. Nf3 g6 6. Nc3 Bg7 7. Be2 a6 8. a4 O-O 9. O-O Rb8 10. Re1 b6 11. Bc4 Bb7 12. Bh2 Ne8 13. Qe2 Nc7 14. Rad1 b5 15. axb5 axb5 16. Nxb5 Bxf3 17. gxf3 Qc8 18. c3 Na8 19. Kg2 Nab6 20. Bb3 c4 21. Bc2 Nd5 22. e4 Rxb5 23. exd5 Rxb2 24. Rb1 Rxb1 25. Rxb1 Nf6 26. Be4 e6 27. Bxd6 exd5 28. Rb8 Qe6 29. Bxf8 Bxf8 30. Bd3 cxd3 31. Qxd3 Nh5 32. Qe3 Qf5 33. Qe7 Nf4+ 34. Kg1 Ne6 35. Qd6 Qxf3 36. Qg3 Qf5 37. Qg4 Qd3 38. Qg3 Qe4 39. Qe3 Qf5 40. Qg3 Nf4 41. Kh2 h5 42. Re8 Ne6 43. Kg1 Kg7 44. Kh2 h4 45. Qxh4 Bd6+ 46. Kg2 Nf4+ 47. Kh1 Qb1+ 48. Kh2 Nxh3+ 49. f4 Bxf4+ 50. Kxh3 Qf1+ 0-1

[Event "2026 European Womens Championship"]
[Site "Batumi, GE"]
[Date "2026.06.03"]
[Round "9"]
[White "Khotenashvili, Bella"]
[Black "Bulmaga, Irina"]
[Result "1-0"]
[Board "7"]
[TimeControl "5400+30"]
[WhiteFideId "13602640"]
[BlackFideId "13903063"]
[WhiteElo "2415"]
[BlackElo "2361"]
[WhiteTitle "GM"]
[BlackTitle "IM"]
[WhiteClock "0:03:48"]
[BlackClock "0:00:41"]
[Variant "Standard"]

1. g3 e5 2. c4 Nf6 3. Bg2 c6 4. d4 e4 5. a3 d5 6. Bg5 Be7 7. Nc3 Nbd7 8. f3 exf3 9. Nxf3 h6 10. Bf4 g5 11. Bd2 Nb6 12. cxd5 cxd5 13. O-O Nc4 14. Ne5 Nxd2 15. Qxd2 Be6 16. Rf2 O-O 17. Raf1 Kg7 18. Qd3 Qd6 19. h4 Rad8 20. hxg5 hxg5 21. Qe3 Ne4 22. Nb5 Qb6 23. Bxe4 dxe4 24. Qxe4 f5 25. Qe3 Qxb5 26. Ng6 Qd7 27. Nxe7 Qxe7 28. Rxf5 Rxf5 29. Rxf5 Kg6 30. Re5 Rd6 31. d5 Qd8 32. Rxe6+ Rxe6 33. Qxe6+ Kg7 34. Qe5+ Kg6 35. Kg2 Qa5 36. Qe4+ Kh6 37. d6 1-0

[Event "2026 European Womens Championship"]
[Site "Batumi, GE"]
[Date "2026.06.03"]
[Round "9"]
[White "Nomin-Erdene, Davaademberel"]
[Black "Wagner, Dinara"]
[Result "1/2-1/2"]
[Board "8"]
[TimeControl "5400+30"]
[WhiteFideId "4900782"]
[BlackFideId "24157570"]
[WhiteElo "2328"]
[BlackElo "2408"]
[WhiteTitle "IM"]
[BlackTitle "IM"]
[WhiteClock "0:32:41"]
[BlackClock "0:04:14"]
[Variant "Standard"]

1. e4 c5 2. Nf3 Nc6 3. d4 cxd4 4. Nxd4 Nf6 5. Nc3 e5 6. Ndb5 d6 7. Bg5 a6 8. Na3 b5 9. Nab1 Be7 10. Bxf6 Bxf6 11. a4 b4 12. Nd5 O-O 13. Bc4 Bg5 14. O-O Be6 15. Qd3 a5 16. Rd1 Rb8 17. c3 bxc3 18. bxc3 Rb2 19. Na3 Nb8 20. Ra2 Rxa2 21. Bxa2 Nd7 22. Nc4 Nc5 23. Qc2 Kh8 24. Nde3 Bxe3 25. Nxe3 Bxa2 26. Qxa2 Nxe4 27. Qc2 Nc5 28. Nc4 Qd7 29. Nxd6 Qxa4 30. Qxa4 Nxa4 31. c4 Nc3 32. Rd3 Ne2+ 33. Kf1 Nd4 34. Ra3 1/2-1/2

[Event "2026 European Womens Championship"]
[Site "Batumi, GE"]
[Date "2026.06.03"]
[Round "9"]
[White "Kazarian, Anna-Maja"]
[Black "Danielian, Elina"]
[Result "0-1"]
[Board "9"]
[TimeControl "5400+30"]
[WhiteFideId "1033689"]
[BlackFideId "13300210"]
[WhiteElo "2317"]
[BlackElo "2390"]
[WhiteTitle "FM"]
[BlackTitle "GM"]
[WhiteClock "0:00:33"]
[BlackClock "0:00:59"]
[Variant "Standard"]

1. e4 d6 2. d4 Nf6 3. Nc3 c6 4. a4 g6 5. h3 Bg7 6. g4 h5 7. g5 Nh7 8. Be3 Nd7 9. f4 e5 10. Nf3 exf4 11. Bxf4 Qe7 12. Qd2 O-O 13. O-O-O Rd8 14. Bd3 a6 15. Qh2 Ndf8 16. d5 b5 17. e5 dxe5 18. Nxe5 Bxe5 19. Bxe5 cxd5 20. Rhf1 Bxh3 21. Rf6 b4 22. Ne2 Re8 23. Bd4 Bg4 24. Re1 Rac8 25. Rxa6 Qxg5+ 26. Kb1 Ne6 27. Rxe6 Rxe6 28. Qf2 b3 29. Rf1 Bf5 30. Rg1 bxc2+ 31. Ka2 Rxe2 32. Qxe2 Bxd3 33. Qxd3 Qxg1 0-1

[Event "2026 European Womens Championship"]
[Site "Batumi, GE"]
[Date "2026.06.03"]
[Round "9"]
[White "Zherebtsova, Alexandra"]
[Black "Mkrtchyan, Mariam"]
[Result "1/2-1/2"]
[Board "10"]
[TimeControl "5400+30"]
[WhiteFideId "24129518"]
[BlackFideId "13310828"]
[WhiteElo "2242"]
[BlackElo "2365"]
[WhiteTitle "FM"]
[BlackTitle "WGM"]
[WhiteClock "0:05:25"]
[BlackClock "0:03:44"]
[Variant "Standard"]

1. d4 d5 2. c4 e6 3. Nc3 c6 4. e4 dxe4 5. Nxe4 Bb4+ 6. Bd2 Qxd4 7. Bxb4 Qxe4+ 8. Be2 Na6 9. Bd6 e5 10. Qd2 Be6 11. Qg5 Qg6 12. Qxe5 Qxg2 13. O-O-O O-O-O 14. Nf3 Nf6 15. Rhg1 Qxf2 16. Nd4 Rhe8 17. Rgf1 Qh4 18. Nxc6 bxc6 19. Qa5 Kb7 20. c5 Qg5+ 21. Rd2 Nxc5 22. Qc7+ Ka8 23. Bf4 Nb3+ 24. axb3 Qc5+ 25. Rc2 Qb6 26. Rxc6 Qxc7 27. Rxc7 Rc8 28. Bb5 Bd7 29. Bc4 Rxc7 30. Bxc7 Kb7 31. Bg3 Be6 32. Bh4 Nd5 33. Re1 Nc7 34. Kd2 h6 35. Rf1 f6 36. Bg3 Rd8+ 37. Kc2 Bd5 38. Rg1 Be4+ 39. Kc3 g5 40. h4 Nd5+ 41. Kd4 f5 42. hxg5 hxg5 43. Ke5 Re8+ 44. Kd6 Nb6 45. Be6 g4 46. Rc1 Rd8+ 47. Ke5 Nd7+ 48. Kf4 Nf6 49. Bxf5 Nh5+ 50. Kxe4 Nxg3+ 51. Ke5 Re8+ 52. Be6 Nh5 53. Kd6 Rd8+ 54. Ke7 Rd4 55. Rg1 g3 56. Bf7 Rh4 57. Bxh5 Rxh5 58. Rxg3 1/2-1/2

[Event "2026 European Womens Championship"]
[Site "Batumi, GE"]
[Date "2026.06.03"]
[Round "9"]
[White "Zimina, Olga"]
[Black "Javakhishvili, Lela"]
[Result "1-0"]
[Board "11"]
[TimeControl "5400+30"]
[WhiteFideId "4132190"]
[BlackFideId "13601458"]
[WhiteElo "2290"]
[BlackElo "2442"]
[WhiteTitle "IM"]
[BlackTitle "IM"]
[WhiteClock "0:24:32"]
[BlackClock "0:33:33"]
[Variant "Standard"]

1. d4 Nf6 2. g3 d5 3. Nf3 e6 4. Bg2 Be7 5. c4 O-O 6. Nc3 c6 7. O-O a5 8. b3 b6 9. Bb2 Ba6 10. Nd2 b5 11. c5 b4 12. Na4 Nbd7 13. Re1 Bb5 14. e4 dxe4 15. Nxe4 Nxe4 16. Bxe4 Nf6 17. Nb6 Rb8 18. Qc2 Nxe4 19. Qxe4 Bf6 20. a4 bxa3 21. Rxa3 Qc7 22. Rxa5 Rfd8 23. Rea1 g6 24. Ra7 Rb7 25. Ra8 Kg7 26. R8a3 h5 27. h4 Rbb8 28. Kg2 Rb7 29. Qe3 Rxb6 30. cxb6 Qxb6 31. Qf3 Rd7 32. Rd1 Qd8 33. Raa1 c5 34. Ra8 Qc7 35. Kh2 cxd4 36. Rc1 Qe5 37. Rcc8 Be2 38. Qc6 Qf5 39. Kg1 Bb5 40. Rg8+ Kh7 41. Qc8 Be5 42. Rh8+ Kg7 43. Rh7+ Kf6 44. Qh8+ Ke7 45. Ba3+ 1-0

[Event "2026 European Womens Championship"]
[Site "Batumi, GE"]
[Date "2026.06.03"]
[Round "9"]
[White "Buksa, Nataliya"]
[Black "Jarocka, Liwia"]
[Result "1/2-1/2"]
[Board "12"]
[TimeControl "5400+30"]
[WhiteFideId "14123622"]
[BlackFideId "21807558"]
[WhiteElo "2392"]
[BlackElo "2288"]
[WhiteTitle "IM"]
[BlackTitle "FM"]
[WhiteClock "0:14:19"]
[BlackClock "0:29:15"]
[Variant "Standard"]

1. e4 c6 2. d4 d5 3. Nc3 dxe4 4. Nxe4 Nf6 5. Nxf6+ exf6 6. c3 Bd6 7. Bd3 O-O 8. Ne2 g6 9. O-O Re8 10. Ng3 Nd7 11. Bh6 Nf8 12. Ne4 Be7 13. Qd2 Ne6 14. a4 f5 15. Ng3 c5 16. Bb5 Bd7 17. d5 Nc7 18. Bxd7 Qxd7 19. c4 Bf6 20. Bg5 Bg7 21. h4 h5 22. Ra3 Be5 23. Kh1 Qd6 24. Ne2 Bf6 25. Ng3 Bxg5 26. Qxg5 f4 27. Nxh5 Re5 28. Nf6+ Kg7 29. Nh5+ Kg8 30. Qf6 Ne8 31. Qxd6 Nxd6 32. Nxf4 Nxc4 33. Rc3 Nxb2 34. Rxc5 Nxa4 35. Rc7 Re4 36. g3 Rd4 37. Rxb7 Nc5 38. Rb5 Nd3 39. Ne2 Re4 40. Nc1 a6 41. Rb1 Rd4 42. Nxd3 Rxd3 43. Rfd1 Rxd1+ 44. Rxd1 Kf8 45. d6 a5 46. g4 a4 47. h5 gxh5 48. gxh5 a3 49. h6 Kg8 50. d7 Rd8 51. Ra1 Rxd7 52. Rxa3 Kh7 53. Ra6 Rd5 54. Rf6 Rh5+ 55. Kg2 Rxh6 56. Rxf7+ Kg6 57. Ra7 Rh5 58. Ra6+ Kg7 59. Kg3 Rb5 60. f4 Rc5 61. Kg4 Rb5 62. Rd6 Kf7 63. Rd4 Ra5 64. f5 Ra1 65. Re4 Kf6 66. Re6+ Kf7 67. Rb6 Rg1+ 1/2-1/2

[Event "2026 European Womens Championship"]
[Site "Batumi, GE"]
[Date "2026.06.03"]
[Round "9"]
[White "Efroimski, Marsel"]
[Black "Pogorelskikh, Sofia"]
[Result "1-0"]
[Board "13"]
[TimeControl "5400+30"]
[WhiteFideId "2810964"]
[BlackFideId "44164548"]
[WhiteElo "2386"]
[BlackElo "2284"]
[WhiteTitle "IM"]
[BlackTitle "WGM"]
[WhiteClock "0:16:18"]
[BlackClock "0:20:59"]
[Variant "Standard"]

1. e4 c5 2. Nf3 e6 3. b3 a6 4. Bb2 d5 5. exd5 exd5 6. d4 Nf6 7. Nc3 Nc6 8. Qe2+ Be7 9. dxc5 O-O 10. O-O-O Bxc5 11. h3 Re8 12. Nxd5 Nxd5 13. Rxd5 Rxe2 14. Rxd8+ Nxd8 15. Bxe2 Bxf2 16. Nd4 Bxd4 17. Bxd4 Nc6 18. Bb6 Bf5 19. g4 Be4 20. Re1 Bg2 21. Rg1 Be4 22. Rg3 Nb4 23. c3 Nd5 24. Bd4 Nf4 25. Bf1 g5 26. Re3 Re8 27. c4 Re6 28. Kd2 h6 29. a4 Kh7 30. Kc3 Kg6 31. b4 f5 32. b5 a5 33. Kd2 Rd6 34. Kc3 Ne6 35. Be5 Rd1 36. Bd3 Nc5 37. Bxe4 fxe4 38. Kc2 Rd7 39. Re2 Rd3 40. Rxe4 Ra3 41. Rd4 Rxa4 42. Bd6 b6 43. Bxc5 bxc5 44. Rd6+ Kg7 45. Kd3 Ra1 46. Ke4 Re1+ 47. Kd5 Rd1+ 48. Kxc5 Rxd6 49. Kxd6 a4 50. b6 a3 51. b7 a2 52. b8=Q a1=Q 53. Qb7+ Kg8 54. Qd5+ Kf8 55. Qf5+ Kg8 56. Qg6+ Kf8 57. Qxh6+ Ke8 58. Qe6+ Kf8 59. Qf5+ Kg8 60. Qxg5+ Kh7 61. Qf5+ Kg8 62. c5 1-0

[Event "2026 European Womens Championship"]
[Site "Batumi, GE"]
[Date "2026.06.03"]
[Round "9"]
[White "Klek, Hanna Marie"]
[Black "Safarli, Josefine"]
[Result "1/2-1/2"]
[Board "14"]
[TimeControl "5400+30"]
[WhiteFideId "24670057"]
[BlackFideId "12900460"]
[WhiteElo "2369"]
[BlackElo "2253"]
[WhiteTitle "WGM"]
[BlackTitle "WGM"]
[WhiteClock "0:09:08"]
[BlackClock "0:39:29"]
[Variant "Standard"]

1. e4 e5 2. Nf3 Nc6 3. Bc4 Nf6 4. d3 Bc5 5. c3 d6 6. O-O a5 7. Re1 h6 8. Bb5 O-O 9. h3 Bd7 10. a4 Ba7 11. Na3 Re8 12. Nc4 Bc5 13. Be3 Bxe3 14. Nxe3 g6 15. Qc2 Na7 16. Bc4 Be6 17. Qb3 Bxc4 18. Nxc4 b6 19. Rad1 Nc6 20. Ne3 Qd7 21. Nd2 Rad8 22. Nd5 Nxd5 23. exd5 Ne7 24. Qc4 c6 25. dxc6 Qxc6 26. Qxc6 Nxc6 27. Nc4 d5 28. Nxb6 Re6 29. c4 Nb4 30. Nxd5 Nxd5 31. cxd5 Rxd5 32. Kf1 Rb6 33. Rd2 Rb4 34. Ra1 Rdd4 35. Ke2 Rxa4 36. Rxa4 Rxa4 37. Rc2 Rb4 38. Kd2 Kg7 39. Kc1 Rb5 40. Rc6 h5 41. h4 Kf8 1/2-1/2

[Event "2026 European Womens Championship"]
[Site "Batumi, GE"]
[Date "2026.06.03"]
[Round "9"]
[White "Schneider, Jana"]
[Black "Beydullayeva, Govhar"]
[Result "0-1"]
[Board "15"]
[TimeControl "5400+30"]
[WhiteFideId "12924997"]
[BlackFideId "13413015"]
[WhiteElo "2283"]
[BlackElo "2368"]
[WhiteTitle "WGM"]
[BlackTitle "WGM"]
[WhiteClock "0:01:18"]
[BlackClock "0:04:09"]
[Variant "Standard"]

1. e4 c5 2. Nf3 d6 3. Bb5+ Bd7 4. Bxd7+ Nxd7 5. O-O Ngf6 6. d3 g6 7. Ng5 h6 8. Nh3 Qb6 9. a4 Bg7 10. Nc3 Ne5 11. f4 Nc6 12. Kh1 e6 13. Nb5 Qd8 14. Be3 a6 15. Na3 Nd7 16. Nc4 Qe7 17. c3 O-O 18. f5 d5 19. fxe6 fxe6 20. Na3 Rxf1+ 21. Qxf1 Rf8 22. Qe2 g5 23. Rf1 d4 24. Bd2 dxc3 25. bxc3 Rxf1+ 26. Qxf1 Nb6 27. Qd1 c4 28. Nxc4 Nxc4 29. dxc4 Qd6 30. Qe2 Ne5 31. Be3 Qd3 32. Qxd3 Nxd3 33. Nf2 Nb2 34. Bd4 Nxa4 35. Nd1 e5 36. Be3 Bf8 37. Kg1 Bc5 38. Kf2 Kf7 39. g4 Ke6 40. Ke2 Bxe3 41. Kxe3 Kd6 42. Kd2 Nc5 43. Nf2 Kc6 44. Kc2 b5 45. cxb5+ Kxb5 46. Kb2 a5 47. Kc2 Kc4 48. Nd1 Nxe4 49. Ne3+ Kc5 50. Nf5 Nd6 51. Nxh6 Kd5 52. Kb3 e4 53. c4+ Nxc4 54. Nf5 e3 55. Ng3 Nd2+ 56. Ka4 Ne4 57. Ne2 Nf2 58. Kxa5 Kc4 59. h4 gxh4 60. g5 Ne4 61. g6 h3 62. Ng3 Nf6 63. Nf1 e2 64. Nd2+ Kd3 65. Nf3 Ke3 0-1

[Event "2026 European Womens Championship"]
[Site "Batumi, GE"]
[Date "2026.06.03"]
[Round "9"]
[White "Mkrtchian, Lilit"]
[Black "Kubicka, Anna"]
[Result "1-0"]
[Board "16"]
[TimeControl "5400+30"]
[WhiteFideId "13300601"]
[BlackFideId "1152254"]
[WhiteElo "2366"]
[BlackElo "2226"]
[WhiteTitle "IM"]
[BlackTitle "WIM"]
[WhiteClock "0:03:49"]
[BlackClock "0:02:00"]
[Variant "Standard"]

1. d4 Nf6 2. Nf3 b6 3. e3 Bb7 4. Bd3 e6 5. O-O d5 6. b3 Bd6 7. Bb2 O-O 8. c4 Nbd7 9. Nc3 dxc4 10. bxc4 c5 11. d5 exd5 12. Nxd5 Bxd5 13. cxd5 Qe7 14. Re1 Ne5 15. e4 Nfg4 16. Nxe5 Bxe5 17. Qxg4 Bxb2 18. Rad1 Bc3 19. Re2 Qe5 20. f4 Qd4+ 21. Kh1 g6 22. Bc2 Qg7 23. e5 Rad8 24. d6 Bd4 25. Bd3 Kh8 26. Bc4 Rfe8 27. Qg3 g5 28. Rde1 gxf4 29. Qxf4 Bc3 30. Bxf7 Rf8 31. Rf1 Bxe5 32. Qxe5 Rd7 33. Qxg7+ Kxg7 34. Re7 Rxe7 35. dxe7 Rxf7 36. Re1 1-0

[Event "2026 European Womens Championship"]
[Site "Batumi, GE"]
[Date "2026.06.03"]
[Round "9"]
[White "Bivol, Alina"]
[Black "Radeva, Viktoria"]
[Result "1-0"]
[Board "17"]
[TimeControl "5400+30"]
[WhiteFideId "4100123"]
[BlackFideId "2915405"]
[WhiteElo "2361"]
[BlackElo "2242"]
[WhiteTitle "IM"]
[BlackTitle "WGM"]
[WhiteClock "0:03:51"]
[BlackClock "0:32:52"]
[Variant "Standard"]

1. e4 e6 2. d4 d5 3. Nc3 Nf6 4. Bg5 dxe4 5. Nxe4 Nbd7 6. Nf3 h6 7. Bxf6 Nxf6 8. Bd3 Nxe4 9. Bxe4 c5 10. Qe2 Qa5+ 11. c3 cxd4 12. Nxd4 Qb6 13. Qb5+ Qxb5 14. Nxb5 Rb8 15. Nxa7 Bd7 16. c4 Bb4+ 17. Ke2 f5 18. Bc2 g5 19. Rhd1 Bc5 20. Nb5 Bc6 21. Kf1 Bxb5 22. cxb5 Ke7 23. Rac1 Rbc8 24. Bb3 e5 25. Bd5 b6 26. Bc6 Rhd8 27. Rxd8 Rxd8 28. Ke2 Ke6 29. a3 Rd4 30. Bb7 Rf4 31. f3 Ra4 32. Bc8+ Kd6 33. Bxf5 Bd4 34. Rc2 h5 35. h3 h4 36. Kd2 Ra5 37. Bd3 Ra4 38. Rc6+ Ke7 39. Kc2 Ra8 40. Bc4 Rd8 41. Re6+ Kf8 42. b4 Be3 43. Bd3 Rc8+ 44. Kb3 Rd8 45. Be4 Rd2 46. a4 Bd4 47. a5 Kf7 48. Rxb6 Bxb6 49. axb6 Ke7 50. b7 Rd8 51. b6 Kd6 52. Kc4 Rb8 53. Kb5 1-0

[Event "2026 European Womens Championship"]
[Site "Batumi, GE"]
[Date "2026.06.03"]
[Round "9"]
[White "Milliet, Sophie"]
[Black "Sieber, Fiona"]
[Result "0-1"]
[Board "18"]
[TimeControl "5400+30"]
[WhiteFideId "623725"]
[BlackFideId "12902373"]
[WhiteElo "2361"]
[BlackElo "2224"]
[WhiteTitle "IM"]
[BlackTitle "WGM"]
[WhiteClock "0:06:57"]
[BlackClock "0:16:17"]
[Variant "Standard"]

1. d4 Nf6 2. c4 e6 3. g3 d5 4. Bg2 c6 5. Nf3 dxc4 6. O-O b5 7. Ne5 Bb7 8. a4 a6 9. b3 cxb3 10. Qxb3 Be7 11. Rd1 O-O 12. Nc3 Qb6 13. Bg5 h6 14. Bxf6 gxf6 15. Nf3 Nd7 16. Rac1 Rfd8 17. g4 b4 18. Ne4 c5 19. Qe3 cxd4 20. Nxd4 Ne5 21. a5 Qa7 22. Rc7 Rd7 23. Rxd7 Nxd7 24. Qxh6 Bf8 25. Qh5 Bd5 26. g5 fxg5 27. Qxg5+ Bg7 28. Nd6 Ne5 29. Bxd5 exd5 30. N4f5 Ng6 31. Nxg7 Kxg7 32. Nf5+ Kf8 33. Rxd5 Qc7 34. Qh6+ Ke8 35. Qe3+ Kf8 36. Qh6+ Ke8 37. Rd3 Qf4 38. Re3+ Kd7 39. Qh3 Kc7 40. Qg2 Rd8 41. Ng3 Nh4 42. Qf1 f5 43. Qc1+ Kb8 44. Qb1 Rd7 45. Qa2 Rd1+ 46. Nf1 Qg5+ 47. Rg3 Rxf1+ 0-1

[Event "2026 European Womens Championship"]
[Site "Batumi, GE"]
[Date "2026.06.03"]
[Round "9"]
[White "Siekanska, Maria"]
[Black "Socko, Monika"]
[Result "0-1"]
[Board "19"]
[TimeControl "5400+30"]
[WhiteFideId "21852650"]
[BlackFideId "1106619"]
[WhiteElo "2203"]
[BlackElo "2355"]
[WhiteTitle "WIM"]
[BlackTitle "GM"]
[WhiteClock "0:22:05"]
[BlackClock "0:32:11"]
[Variant "Standard"]

1. d4 d6 2. Nf3 g6 3. e4 Nf6 4. Nc3 Bg7 5. Bc4 O-O 6. O-O c6 7. a4 d5 8. Bd3 Bg4 9. e5 Nfd7 10. h3 Bxf3 11. Qxf3 e6 12. Ne2 c5 13. c3 Nc6 14. Qg4 cxd4 15. cxd4 Qb6 16. h4 Qb4 17. f3 Ndxe5 18. dxe5 Qc5+ 19. Kh1 Nxe5 20. b4 Qc8 21. Qg3 Nxd3 22. Ra3 Qc2 23. f4 Nxb4 24. Ng1 Rac8 25. h5 d4 26. Nf3 Rfd8 27. Qh4 Qf5 28. g4 Qd5 29. hxg6 fxg6 0-1